 Dungeon Crawl Stone Soup version 0.21-a0-380-gd65dc97 (webtiles) character file.

23463 Spazmo the Geomancer (level 12, -21/71 HPs)
             Began as a Deep Elf Fire Elementalist on Oct 17, 2017.
             Was a Priest of Vehumet.
             Demolished by a death yak (25 damage)
             ... on level 4 of the Lair of Beasts on Oct 18, 2017.
             The game lasted 01:13:37 (14713 turns).

Spazmo the Geomancer (Deep Elf Fire Elementalist)  Turns: 14713, Time: 01:13:37

Health: -21/71     AC:  8    Str:  5    XL:     12   Next: 72%
Magic:  0/28       EV: 22    Int: 26    God:    Vehumet [***...]
Gold:   1250       SH:  0    Dex: 15    Spells: 10/32 levels left

rFire    + . .     SeeInvis .   P - staff of earth
rCold    . . .     Gourm    .   (no shield)
rNeg     . . .     Faith    .   D - +2 robe {rF+}
rPois    +         Spirit   .   K - +0 helmet
rElec    .         Reflect  .   w - +0 cloak
rCorr    .         Harm     .   j - +0 pair of gloves
MR       +....                  n - +0 pair of boots
Stlth    ++........             (no amulet)
HPRegen  0.21/turn              J - +3 ring of evasion
MPRegen  0.21/turn              N - ring of poison resistance

@: no status effects
A: no striking features
a: Renounce Religion


You were on level 4 of the Lair of Beasts.
You worshipped Vehumet.
Vehumet was most pleased with you.
You were not hungry.

You visited 3 branches of the dungeon, and saw 15 of its levels.
You also visited: Sewer and Ossuary.

You collected 1250 gold pieces.

Inventory:

Hand Weapons
 f - a +2 short sword of speed
 v - a +4 quarterstaff of chaos
Missiles
 e - 431 stones (quivered)
Armour
 j - a +0 pair of gloves (worn)
 n - a +0 pair of boots (worn)
 w - a +0 cloak (worn)
 D - a +2 robe of fire resistance (worn)
 E - a +2 robe of positive energy
 K - a +0 helmet (worn)
 Z - a +1 robe of cold resistance
Magical Staves
 P - an uncursed staff of earth (weapon)
 T - an uncursed staff of poison
Jewellery
 a - an uncursed ring of flight
 o - an uncursed ring of protection from magic
 s - an uncursed ring of protection from cold
 t - an uncursed ring of stealth
 J - a +3 ring of evasion (left hand)
 M - an uncursed ring of fire
 N - a ring of poison resistance (right hand)
Wands
 y - a wand of clouds (9/9)
 A - a wand of iceblast (8/15)
 R - a wand of digging (15/24)
Scrolls
 d - 3 scrolls of identify
 g - 7 scrolls of enchant armour
 i - 8 scrolls of remove curse
 p - 7 scrolls of teleportation
 C - a scroll of enchant weapon
 F - 3 scrolls of blinking
 H - a scroll of recharging
 I - a scroll of fear
 S - a scroll of amnesia
 U - 4 scrolls of fog
Potions
 h - 5 potions of heal wounds
 k - a potion of ambrosia
 l - 8 potions of curing
 q - 5 potions of flight
 r - a potion of resistance
 x - 2 potions of brilliance
 z - 3 potions of haste
 B - a potion of mutation
 O - a potion of cancellation
 V - a potion of magic
Books
 b - a book of Flames

   Spells                             Type                      Level
   a - Flame Tongue                   Conjuration/Fire             1
   b - Throw Flame                    Conjuration/Fire             2
   c - Conjure Flame                  Conjuration/Fire             3
   d - Inner Flame                    Hexes/Fire                   3
   e - Sticky Flame                   Conjuration/Fire             4
   f - Fireball                       Conjuration/Fire             5
 m - a book of Minor Magic

   Spells                             Type                      Level
   a - Magic Dart                     Conjuration                  1
   b - Blink                          Translocation                2
   c - Call Imp                       Summoning                    2
   d - Slow                           Hexes                        2
   e - Conjure Flame                  Conjuration/Fire             3
   f - Mephitic Cloud                 Conjuration/Poison/Air       3
 W - a book of Ice

   Spells                             Type                      Level
   a - Ice Form                       Ice/Transmutation            4
   b - Metabolic Englaciation         Hexes/Ice                    5
   c - Ozocubu's Refrigeration        Ice                          6
   d - Bolt of Cold                   Conjuration/Ice              6
   e - Freezing Cloud                 Conjuration/Ice/Air          6
   f - Simulacrum                     Ice/Necromancy               6
Comestibles
 c - 5 bread rations
 G - 12 royal jellies
 L - 9 meat rations
 Q - 2 fruits


   Skills:
 - Level 6.5 Fighting
 - Level 10.0 Dodging
 - Level 3.0 Stealth
 + Level 10.6 Spellcasting
 + Level 10.5 Conjurations
 - Level 2.1 Translocations
 + Level 10.4 Fire Magic
 - Level 11.0 Earth Magic


You had 10 spell levels left.
You knew the following spells:

 Your Spells              Type           Power        Failure   Level  Hunger
a - Flame Tongue          Conj/Fire      #####        1%          1    None
b - Throw Flame           Conj/Fire      ######       1%          2    None
c - Conjure Flame         Conj/Fire      ######..     1%          3    None
d - Sticky Flame          Conj/Fire      ######..     1%          4    None
e - Fireball              Conj/Fire      ######....   1%          5    ####...
f - Blink                 Tloc           N/A          2%          2    None
g - Magic Dart            Conj           ####         1%          1    None
h - Sandblast             Erth           ######       1%          1    None
i - Stone Arrow           Conj/Erth      ######       1%          3    None


Dungeon Overview and Level Annotations

Branches:
Dungeon (9/15)             Temple (1/1) D:6            Lair (5/6) D:8
 Shoals (0/4) Lair:2       Spider (0/4) Lair:3
  Slime: Lair:5-6       Orc: D:9-12

Altars:
Ashenzari
Cheibriados
Dithmenos
Elyvilon
Fedhas
Gozag
Hepliaklqana
Kikubaaqudgha
Makhleb
Nemelex Xobeh
Okawaru
Qazlal
Ru
Sif Muna
Trog
Uskayaw
Vehumet
Wu Jian
Xom
Yredelemnul
Zin
The Shining One

Shops:
D:5 ?


Message History

Confirm with . or Enter, or press ? or * to list all spells.
Aiming: Sandblast
Press: ? - help, Shift-Dir - straight line, f/p - death yak
Aim: a death yak (almost dead)
You feel a surge of power!
The blast of sand hits the death yak.
The death yak is almost dead.
e - 432 stones
Casting: Sandblast
Confirm with . or Enter, or press ? or * to list all spells.
Aiming: Sandblast
Press: ? - help, Shift-Dir - straight line, f/p - death yak
Aim: a death yak (almost dead)
You feel a surge of power!
The blast of sand hits the death yak.
The death yak is almost dead.
e - 431 stones The death yak completely misses you.
The death yak gores you!!
* * * LOW HITPOINT WARNING * * *
Unknown command.
The death yak gores you!!
You die...

### ####.## ♣♣♣♣ ##.....###
###### ♣♣≈P≈ ##P.......#
#####....# ♣P≈≈≈ #.........#
#........##♣♣≈≈≈≈
##.........####.........♣♣≈≈≈≈≈
#............#..........♣♣≈≈≈≈≈
###........#..YY......<...♣≈≈≈≈≈≈
#.......#...#.##@.........♣≈P≈≈≈≈
.........#.####............P≈P≈≈≈
......###### #............≈≈P≈≈≈
.....## ##............≈≈≈≈≈P
.....# ##.............≈≈≈≈≈≈
.....## #..##..........≈≈≈≈..
.#....### #########P.......P.P≈..
##....#.###..############........
###....P......PP.### #........


You could see 2 death yaks.

Vanquished Creatures
  5 hydras
  Fannar (Lair:2)
  A two-headed ogre (D:8)
  3 death yaks
  Pikel (D:5)
  5 oklob plants
  3 elephants (Lair:4)
  2 black mambas
  A spiny frog (Lair:2)
  2 rime drakes
  2 komodo dragons
  A queen bee (D:9)
  A troll (D:9)
  A polar bear (Lair:5)
  4 blink frogs (Lair:2)
  4 hippogriffs
  Sigmund (D:5)
  4 wyverns
  2 basilisks
  Grum (D:8)
  7 yaks
  Menkaure (D:7)
  The ghost of Spazmo the Magician, an amateur DEFE (D:4)
  9 water moccasins
  Purgy (Sewer)
  2 porcupines
  An orc warrior (D:9)
  2 ice beasts
  A sky beast (D:9)
  13 wolves
  4 ogres
  2 centaurs
  10 crocodiles
  A big kobold (D:8)
  A wyvern zombie (D:9)
  11 bullfrogs
  A wyvern skeleton (D:7)
  A scorpion (Lair:3)
  A water moccasin skeleton (D:7)
  19 killer bees
  8 wights
  A howler monkey (D:7)
  2 electric eels (Lair:4)
  A centaur zombie (D:5)
  4 crimson imps
  3 hounds
  An orc wizard (D:7)
  A quasit (D:6)
  A bullfrog skeleton (D:7)
  An orc priest (D:7)
  Crazy Yiuf (D:4)
  3 iguanas
  3 worker ants
  8 mummies (Ossuary)
  5 adders
  4 gnolls (D:7)
  2 shadow imps
  A worm (D:2)
  2 dart slugs
  3 leopard geckos
  12 orcs
  5 bats
  7 giant cockroaches
  A gnoll zombie (Ossuary)
  8 hobgoblins
  24 jackals
  21 kobolds
  A quokka (D:4)
  4 ball pythons
  7 frilled lizards
  6 goblins
  3 hobgoblin zombies (Ossuary)
  2 kobold zombies (Ossuary)
  A leopard gecko skeleton (D:6)
  2 orc zombies (Ossuary)
  A quokka zombie (D:5)
  7 rats
  A fungus (Lair:3)
302 creatures vanquished.

Vanquished Creatures (others)
  A crimson imp (D:5)
  A hound (D:5)
  A plant (Lair:2)
3 creatures vanquished.

Grand Total: 305 creatures vanquished

Notes
Turn   | Place    | Note
-------+----------+-------------------------------------------
     0 | D:1      | Spazmo the Deep Elf Fire Elementalist began the quest for the Orb.
     0 | D:1      | Reached XP level 1. HP: 10/10 MP: 6/6
   133 | D:1      | Reached XP level 2. HP: 11/15 MP: 2/8
   137 | D:1      | Learned a level 2 spell: Throw Flame
   474 | D:1      | Reached XP level 3. HP: 19/19 MP: 2/9
   915 | D:2      | Reached XP level 4. HP: 4/24 MP: 4/11
  1362 | D:2      | Learned a level 3 spell: Conjure Flame
  1367 | D:2      | Learned a level 4 spell: Sticky Flame
  2821 | D:4      | Found a white marble altar of Elyvilon.
  2849 | D:4      | Reached XP level 5. HP: 28/28 MP: 11/13
  3196 | D:4      | Noticed Spazmo's ghost (amateur DEFE)
  3216 | D:4      | Killed Spazmo's ghost
  3216 | D:4      | Reached skill level 5 in Fire Magic
  3391 | D:4      | Reached skill level 5 in Spellcasting
  3391 | D:4      | Reached XP level 6. HP: 32/32 MP: 13/15
  3421 | D:4      | Found a runed door.
  3425 | D:4      | Noticed Crazy Yiuf
  3428 | D:4      | Killed Crazy Yiuf
  3846 | D:5      | Entered Level 5 of the Dungeon
  3855 | D:5      | Learned a level 5 spell: Fireball
  3870 | D:5      | Found a sand-covered staircase.
  3875 | Ossuary  | Entered an ossuary
  4354 | D:5      | Found a glowing drain.
  4358 | D:5      | Found a sparkling altar of Nemelex Xobeh.
  4363 | Sewer    | Entered a sewer
  4388 | Sewer    | Noticed Purgy
  4393 | Sewer    | Killed Purgy
  4393 | Sewer    | Reached XP level 7. HP: 15/36 MP: 9/17
  4446 | Sewer    | Learned a level 2 spell: Blink
  4734 | D:5      | Noticed Sigmund
  4742 | D:5      | Killed Sigmund
  4859 | D:5      | Noticed Pikel
  4864 | D:5      | Killed Pikel
  4864 | D:5      | Reached XP level 8. HP: 17/41 MP: 11/21
  5057 | D:5      | Learned a level 1 spell: Magic Dart
  5147 | D:5      | Found Riqempech's Magic Scroll Boutique.
  5413 | D:6      | Found a glowing golden altar of the Shining One.
  5413 | D:6      | Found a bloodstained altar of Trog.
  5414 | D:6      | Found a basalt altar of Yredelemnul.
  5701 | D:6      | Found a staircase to the Ecumenical Temple.
  5710 | Temple   | Entered the Ecumenical Temple
  5765 | Temple   | Became a worshipper of Vehumet
  5903 | D:6      | Found a sacrificial altar of Ru.
  5981 | D:6      | Found an ornate altar of the Wu Jian Council.
  6167 | D:7      | Reached XP level 9. HP: 45/45 MP: 3/24
  6341 | D:7      | Found a deep blue altar of Sif Muna.
  6818 | D:7      | Noticed Menkaure
  6824 | D:7      | Killed Menkaure
  6824 | D:7      | Reached * piety under Vehumet
  6824 | D:7      | Offered knowledge of Sandblast by Vehumet.
  6830 | D:7      | Reached skill level 10 in Spellcasting
  6947 | D:7      | Learned a level 1 spell: Sandblast
  6954 | D:7      | Found a burning altar of Makhleb.
  7054 | D:8      | Reached skill level 1 in Earth Magic
  7150 | D:8      | Reached skill level 2 in Earth Magic
  7242 | D:8      | Found a blossoming altar of Fedhas.
  7366 | D:8      | Noticed a two-headed ogre
  7381 | D:8      | Killed a two-headed ogre
  7381 | D:8      | Reached skill level 3 in Earth Magic
  7381 | D:8      | Reached XP level 10. HP: 50/50 MP: 11/26
  7481 | D:8      | Reached skill level 10 in Fire Magic
  7607 | D:8      | Reached skill level 4 in Earth Magic
  7689 | D:8      | Noticed Grum
  7709 | D:8      | Killed Grum
  7716 | D:8      | Found a staircase to the Lair.
  7870 | D:9      | Reached skill level 1 in Fighting
  7958 | D:9      | Reached ** piety under Vehumet
  7958 | D:9      | Offered knowledge of Sting by Vehumet.
  8110 | D:9      | Reached skill level 5 in Earth Magic
  8416 | D:9      | Reached skill level 5 in Dodging
  8618 | D:9      | Reached skill level 10 in Conjurations
  8760 | D:9      | Reached skill level 6 in Earth Magic
  9084 | Lair:1   | Entered Level 1 of the Lair of Beasts
  9246 | Lair:1   | Reached XP level 11. HP: 60/60 MP: 17/27
  9344 | Lair:1   | Offered knowledge of Stone Arrow by Vehumet.
  9349 | Lair:1   | Learned a level 3 spell: Stone Arrow
  9659 | Lair:2   | Noticed an eight-headed hydra
  9670 | Lair:2   | Killed an eight-headed hydra
  9754 | Lair:2   | Noticed Fannar
  9765 | Lair:2   | Killed Fannar
  9847 | Lair:2   | Reached skill level 7 in Earth Magic
  9919 | Lair:2   | Found a staircase to the Shoals.
 10422 | Lair:2   | Noticed an oklob plant
 10422 | Lair:2   | Noticed an oklob plant
 10423 | Lair:2   | Noticed an oklob plant
 10424 | Lair:2   | Noticed an oklob plant
 10556 | Lair:2   | Killed an oklob plant
 10556 | Lair:2   | Reached skill level 5 in Fighting
 10556 | Lair:2   | Reached skill level 8 in Earth Magic
 10557 | Lair:2   | Killed an oklob plant
 10657 | Lair:2   | Killed an oklob plant
 10657 | Lair:2   | Reached *** piety under Vehumet
 10762 | Lair:2   | Killed an oklob plant
 11383 | Lair:3   | Noticed a seven-headed hydra
 11393 | Lair:3   | Killed a seven-headed hydra
 11505 | Lair:3   | Found a hole to the Spider Nest.
 11921 | Lair:3   | Reached XP level 12. HP: 69/69 MP: 16/28
 11960 | Lair:3   | Reached skill level 9 in Earth Magic
 12703 | Lair:4   | Noticed a seven-headed hydra
 12708 | Lair:4   | Killed a seven-headed hydra
 12888 | Lair:4   | Noticed a five-headed hydra
 12925 | Lair:4   | Killed a five-headed hydra
 13073 | Lair:4   | Offered knowledge of Static Discharge by Vehumet.
 13073 | Lair:4   | Reached skill level 10 in Dodging
 13128 | Lair:4   | Reached skill level 10 in Earth Magic
 13663 | Lair:5   | Noticed a seven-headed hydra
 13757 | Lair:5   | Noticed a death yak
 13759 | Lair:5   | Noticed a death yak
 13759 | Lair:5   | Noticed a death yak
 13759 | Lair:5   | Noticed a death yak
 13761 | Lair:5   | Noticed a death yak
 13763 | Lair:5   | Noticed a death yak
 13767 | Lair:4   | Killed a death yak
 13775 | Lair:4   | Reached skill level 11 in Earth Magic
 14018 | Lair:5   | Killed a seven-headed hydra
 14018 | Lair:5   | Reached skill level 1 in Translocations
 14278 | Lair:5   | Killed a death yak
 14432 | Lair:4   | Killed a death yak
 14713 | Lair:4   | Demolished by a death yak

Vault maps used:
D:1:      co_arrival_random_square_maze
D:2:      nrook_mini_backslash, kennysheep_boxes
D:3:      first_bread, minmay_misc_feat_chi
D:4:      hangedman_decor_clover_reticule, elyvilon_altar_4,
          uniq_crazy_yiuf_cottage
D:5:      nemelex_xobeh_ov_fountains_minmay, serial_shops, kennysheep_mini,
          cheibrodos_sewer_entry_drain, enter_ossuary_2, uniq_sigmund,
          uniq_pikel
D:6:      hangedman_ru_absence, nicolae_overflow_quartered_altars,
          minmay_temple_entry_nine_rooms
D:7:      makhleb_heckhound_becter, lemuel_blue_sif_altar, uniq_menkaure
D:8:      fedhas_altar_2, lair_entry_dummy, uniq_grum
D:9:      david_nohive_1
Temple:   zaba_magenta_temple
Lair:2:   shoals_dummy_entry, serial_forest, infiniplex_forest_clump_medium,
          infiniplex_forest_corner_1, infiniplex_forest_pool,
          infiniplex_forest_lined_room_2, infiniplex_forest_lined_3,
          infiniplex_forest_clump_medium, infiniplex_forest_clump_long,
          infiniplex_forest_lined_3_way, infiniplex_forest_straight_4,
          infiniplex_forest_diagonal, lemuel_fruit_tree,
          minmay_lair_oklob_chamber, uniq_fannar
Lair:3:   spider_nest_entry_a, serial_bayou_shore_b
Lair:4:   infiniplex_staircase_pool_2, serial_bayou_shore_a, lemuel_fruit_fields
Lair:5:   grunt_megastairs_5
Sewer:    kennysheep_door_sewer
Ossuary:  ossuary_tomb_3

Skill      XL: |  1  2  3  4  5  6  7  8  9 10 11 12 |
---------------+-------------------------------------+-----
Fire Magic     | 4 5 6 7 8 9 10 | 10.4
Stealth        | 3 |  3.0
Dodging        | 3 5 9 10 | 10.0
Conjurations   | 2 3 4 6 7 9 10 | 10.5
Spellcasting   | 4 5 7 9 10 | 10.6
Earth Magic    | 3 6 8 11 | 11.0
Fighting       | 3 5 6 |  6.5
Translocations | 2 |  2.1

Action                   |  1- 3 |  4- 6 |  7- 9 | 10-12 || total
-------------------------+-------+-------+-------+-------++-------
Melee: Short sword       |     4 |       |       |       ||     4
       Quarterstaff      |       |     2 |     6 |    13 ||    21
       Staff             |       |       |       |     1 ||     1
Throw: Stone             |       |     6 |       |     2 ||     8
 Cast: Flame Tongue      |    57 |   138 |   163 |   127 ||   485
       Throw Flame       |     1 |     9 |    12 |    56 ||    78
       Conjure Flame     |       |     1 |     1 |     2 ||     4
       Sticky Flame      |       |     1 |    21 |    48 ||    70
       Magic Dart        |       |       |    12 |     3 ||    15
       Fireball          |       |       |     4 |    31 ||    35
       Sandblast         |       |       |     8 |   126 ||   134
       Stone Arrow       |       |       |       |    42 ||    42
       Blink             |       |       |       |    12 ||    12
  Use: Scroll            |     6 |     8 |     7 |     8 ||    29
       Potion            |       |     3 |       |     1 ||     4
 Stab: Paralysed         |       |       |     1 |       ||     1
  Eat: Chunk             |       |     6 |     8 |    21 ||    35
       Royal jelly       |       |     1 |       |       ||     1
       Meat ration       |       |     1 |       |       ||     1
       Fruit             |       |       |       |     7 ||     7
Armor: Robe              |     1 |     5 |    19 |    31 ||    56
Dodge: Dodged            |    19 |    19 |    45 |   149 ||   232

Table legend:
 A = Spawn XP
 B = Non-spawn XP
 C = Spawn XP percentage of total XP
 D = Spawn monster count
 E = Non-spawn monster count
 F = Spawn count percentage of total count
 G = Total turns spent on level
                    A         B        C        D         E        F      G
               +---------+---------+-------+---------+---------+-------+---------
         Total |       0 |   33519 |   0.0 |       0 |     302 |   0.0 | 14713
               +---------+---------+-------+---------+---------+-------+---------
           D:1 |       0 |      52 |   0.0 |       0 |      28 |   0.0 |   814
           D:2 |       0 |      83 |   0.0 |       0 |      22 |   0.0 |  1149
           D:3 |       0 |      59 |   0.0 |       0 |      22 |   0.0 |   835
           D:4 |       0 |     229 |   0.0 |       0 |      12 |   0.0 |  1048
           D:5 |       0 |    1199 |   0.0 |       0 |      13 |   0.0 |   786
           D:6 |       0 |     768 |   0.0 |       0 |      18 |   0.0 |   770
           D:7 |       0 |    1518 |   0.0 |       0 |      24 |   0.0 |   895
           D:8 |       0 |    2597 |   0.0 |       0 |      29 |   0.0 |   854
           D:9 |       0 |    3740 |   0.0 |       0 |      35 |   0.0 |  1190
        Lair:1 |       0 |    1040 |   0.0 |       0 |       8 |   0.0 |   542
        Lair:2 |       0 |    7668 |   0.0 |       0 |      24 |   0.0 |  1668
        Lair:3 |       0 |    3371 |   0.0 |       0 |      15 |   0.0 |  1271
        Lair:4 |       0 |    8056 |   0.0 |       0 |      25 |   0.0 |  1718
        Lair:5 |       0 |    2845 |   0.0 |       0 |       5 |   0.0 |   430
         Sewer |       0 |     143 |   0.0 |       0 |       6 |   0.0 |   222
       Ossuary |       0 |     151 |   0.0 |       0 |      16 |   0.0 |   448
               +---------+---------+-------+---------+---------+-------+---------
